 Dungeon Sprint DCSS version 0.19.3-4-gbf9329e (webtiles) character file.

9800000 Groucho the Intangible (level 27, -16/174 HPs)
             Began as a Spriggan Abyssal Knight on Jan 29, 2017.
             Was the Champion of Makhleb.
             Killed from afar by a wretched soul (61 damage)
             ... with a bolt of negative energy
             ... in the Dungeon (Sprint VIII: "Arena of Blood").
             The game lasted 00:04:37 (98 turns).

Groucho the Intangible (Spriggan Abyssal Knight)      Turns: 98, Time: 00:04:37

Health: -16/174    AC:  4    Str:  8    XL:     27
Magic:  37/55      EV: 43    Int: 15    God:    Makhleb [******]
Gold:   0          SH:  0    Dex: 27    Spells: 0 memorised, 80 levels left

rFire  . . .     SeeInvis +     j - +∞ Axe of Woe
rCold  . . .     Gourm    .     b - +0 robe
rNeg   . . .     Faith    .     (shield currently unavailable)
rPois  .         Spirit   .     (helmet restricted)
rElec  .         Reflect  .     (no cloak)
rCorr  .         Harm     .     (gloves unavailable)
MR     ++++.     NoTele   +     (boots unavailable)
Stlth  +++++++++.               (no amulet)
                                (no ring)
                                (no ring)

@: drained, very quick
A: unfitting armour, see invisible, herbivore 3, speed 3, slow metabolism 2
a: Minor Destruction, Lesser Servant of Makhleb, Major Destruction, Greater
Servant of Makhleb, Renounce Religion


You were in the Dungeon.
You worshipped Makhleb.
Makhleb was exalted by your worship.
You were not hungry.

You visited 1 branch

Inventory:

Hand Weapons
 a - a +1 short sword
 j - the +∞ Axe of Woe (weapon)
   (You found it in the Dungeon)
Armour
 b - a +0 robe (worn)
Scrolls
 i - a scroll of blinking
Potions
 d - a potion of curing
 e - a potion of heal wounds
 f - a potion of haste
 g - 2 potions of magic
 h - a potion of berserk rage
Comestibles
 c - a bread ration


   Skills:
 O Level 27(25.5) Fighting
 O Level 27(25.5) Short Blades
 O Level 27(25.5) Axes
 O Level 27(25.5) Throwing
 O Level 27(25.5) Armour
 O Level 27(25.5) Dodging
 O Level 27(25.5) Stealth
 O Level 27(25.5) Unarmed Combat
 O Level 27(25.5) Spellcasting
 O Level 27(25.5) Invocations


You had 80 spell levels left.
You didn't know any spells.

Dungeon Overview and Level Annotations

Branches:
Dungeon (1/1)

Altars:
Makhleb


Innate Abilities, Weirdness & Mutations

You are very small and have problems with some larger weapons.
You are too small for most types of armour.
You have supernaturally acute eyesight. (SInv)
You are a herbivore.
You cover ground extremely quickly.
You need consume almost no food.


Message History

The meat beast screeches, "I shall feast on thy spine!"
You hear a shout!
An observer comes into view.
Unknown command.
The observer turns its gaze towards you.
You slice the meat berserker!!
You hew the meat berserker savagely.
You kill the meat berserker!
Makhleb accepts your kill.
You hear a shout! x3
The eight-headed meat hydra calls on the powers of darkness!
The eight-headed meat hydra convulses! x2; Your body is wracked with pain!
The eight-headed meat hydra calls on the powers of darkness!
The eight-headed meat hydra convulses! x2; Your body is wracked with pain!
* * * LOW HITPOINT WARNING * * *
You hear a shout!
The wretched soul breathes negative energy at you.
The bolt of negative energy hits the meat beast.
The meat beast completely resists.
The bolt of negative energy hits you!
You feel drained.
You die...

.. ....% #..
...# #.. ...# .
.###.. ...###..
......###D..%D.
.%...._.2...
#%)))%# #_)@2_#
#.)))W#
...%..._)%..%..
..%...###....%.
o###.. ...###..
#%. ..%# . #.
..G# .. .....
.. ..


You could see 2 meat beasts, 2 eight-headed meat hydras, an observer
(invisible), a wretched soul (invisible) and a bag of meat.

Vanquished Creatures
  Sigmund (D)
  3 hell beasts (D)
  2 greater mummies (D)
  4 wraiths (D)
  12 vampire knights (D)
  36 ogres (D)
  4 liches (D)
  61 orcs (D)
  A phantom (D)
  9 hill giants (D)
  6 skeletal warriors (D)
  4 large abominations (D)
  10 small abominations (D)
  7 crawling corpses (D)
160 creatures vanquished.

Vanquished Creatures (others)
  5 crawling corpses (D)
5 creatures vanquished.

Grand Total: 165 creatures vanquished

Notes
Turn   | Place    | Note
-------+----------+-------------------------------------------
     0 | D        | Groucho the Spriggan Abyssal Knight began the quest for the Orb.
     0 | D        | Reached XP level 1. HP: 11/11 MP: 3/3
     3 | D        | Noticed a bag of meat
     3 | D        | Noticed a bag of meat
     4 | D        | Noticed a meat berserker
     4 | D        | Fell from the grace of Lugonu
     4 | D        | Became a worshipper of Makhleb the Destroyer
     5 | D        | Noticed a bag of meat
     5 | D        | Noticed a meat berserker
     7 | D        | Noticed a bag of meat
     9 | D        | Killed a meat berserker
     9 | D        | Reached skill level 27 in Dodging
     9 | D        | Reached XP level 2. HP: 16/16 MP: 4/4
     9 | D        | Reached XP level 3. HP: 19/19 MP: 5/5
     9 | D        | Reached XP level 4. HP: 23/23 MP: 6/6
     9 | D        | Reached XP level 5. HP: 27/27 MP: 7/7
     9 | D        | Reached XP level 6. HP: 32/32 MP: 8/8
     9 | D        | Reached XP level 7. HP: 35/35 MP: 9/9
     9 | D        | Reached XP level 8. HP: 39/39 MP: 10/10
     9 | D        | Reached XP level 9. HP: 43/43 MP: 11/11
     9 | D        | Reached XP level 10. HP: 47/47 MP: 12/12
     9 | D        | Reached XP level 11. HP: 51/51 MP: 13/13
     9 | D        | Reached XP level 12. HP: 56/56 MP: 14/14
     9 | D        | Reached XP level 13. HP: 59/59 MP: 15/15
     9 | D        | Noticed a bag of meat
    10 | D        | Noticed a meat berserker
    10 | D        | Killed a bag of meat
    10 | D        | Reached * piety under Makhleb
    10 | D        | Killed a meat berserker
    10 | D        | Reached skill level 27 in Axes
    10 | D        | Reached XP level 14. HP: 26/70 MP: 16/16
    10 | D        | Killed a bag of meat
    10 | D        | Reached XP level 15. HP: 80/86 MP: 17/17
    12 | D        | Reached ** piety under Makhleb
    13 | D        | Reached XP level 16. HP: 101/108 MP: 18/18
    15 | D        | Killed a meat berserker
    15 | D        | Reached *** piety under Makhleb
    17 | D        | Noticed a meat berserker
    18 | D        | Noticed a meat berserker
    18 | D        | Reached skill level 27 in Fighting
    18 | D        | Reached skill level 5 in Short Blades
    18 | D        | Reached skill level 5 in Spellcasting
    18 | D        | Reached skill level 5 in Invocations
    18 | D        | Reached XP level 17. HP: 121/121 MP: 18/26
    20 | D        | Noticed a large bag of meat
    21 | D        | Killed a meat berserker
    21 | D        | Reached skill level 10 in Throwing
    21 | D        | Reached skill level 10 in Invocations
    21 | D        | Reached **** piety under Makhleb
    22 | D        | Killed a meat berserker
    22 | D        | Reached skill level 15 in Short Blades
    22 | D        | Reached XP level 18. HP: 127/127 MP: 18/39
    23 | D        | Noticed a meat berserker
    24 | D        | Reached skill level 15 in Throwing
    24 | D        | Reached skill level 15 in Invocations
    26 | D        | Noticed a large bag of meat
    26 | D        | Reached ***** piety under Makhleb
    26 | D        | Reached XP level 19. HP: 132/132 MP: 19/43
    27 | D        | Reached skill level 15 in Unarmed Combat
    28 | D        | Noticed a meat berserker
    28 | D        | Killed a large bag of meat
    28 | D        | Reached skill level 15 in Armour
    28 | D        | Killed a meat berserker
    29 | D        | Noticed a meat berserker
    29 | D        | Noticed a meat berserker
    29 | D        | Reached XP level 20. HP: 137/137 MP: 20/48
    31 | D        | Noticed a meat berserker
    32 | D        | Noticed a meat berserker
    32 | D        | Noticed a meat berserker
    32 | D        | Reached ****** piety under Makhleb
    33 | D        | Noticed a destroyer
    33 | D        | Noticed a destroyer
    33 | D        | Killed a meat berserker
    33 | D        | Killed a meat berserker
    33 | D        | Reached skill level 27 in Spellcasting
    33 | D        | Reached XP level 21. HP: 142/142 MP: 21/53
    33 | D        | Reached skill level 27 in Short Blades
    34 | D        | Noticed a destroyer
    36 | D        | Killed a destroyer
    36 | D        | Reached skill level 27 in Throwing
    36 | D        | Reached skill level 27 in Invocations
    36 | D        | Reached XP level 22. HP: 148/148 MP: 21/54
    36 | D        | Reached skill level 27 in Unarmed Combat
    37 | D        | Reached skill level 27 in Armour
    37 | D        | Reached skill level 15 in Stealth
    39 | D        | Killed a destroyer
    39 | D        | Reached skill level 27 in Stealth
    39 | D        | Reached XP level 23. HP: 98/153 MP: 22/55
    40 | D        | Killed a destroyer
    40 | D        | Reached XP level 24. HP: 158/158 MP: 22/55
    41 | D        | Noticed a destroyer
    44 | D        | Noticed a destroyer
    45 | D        | Noticed a destroyer
    45 | D        | Reached XP level 25. HP: 163/163 MP: 24/55
    48 | D        | Noticed a destroyer
    48 | D        | Killed a destroyer
    48 | D        | Reached XP level 26. HP: 154/169 MP: 25/55
    50 | D        | Noticed a destroyer
    50 | D        | Noticed a destroyer
    50 | D        | Noticed a destroyer
    50 | D        | Killed a destroyer
    51 | D        | Reached XP level 27. HP: 174/174 MP: 25/55
    51 | D        | Killed a destroyer
    52 | D        | Noticed a destroyer
    53 | D        | Noticed a destroyer
    53 | D        | Killed a destroyer
    56 | D        | Noticed a tyrant
    56 | D        | Killed a destroyer
    57 | D        | Killed a destroyer
    59 | D        | Killed a destroyer
    60 | D        | Noticed an accursed
    60 | D        | Killed a destroyer
    61 | D        | Noticed an accursed
    63 | D        | Killed a tyrant
    64 | D        | Killed a destroyer
    67 | D        | Noticed a meat beast
    69 | D        | Noticed a dread
    71 | D        | Killed a meat beast
    72 | D        | Noticed a meat beast
    73 | D        | Noticed a tyrant
    73 | D        | Killed an accursed
    73 | D        | Killed an accursed
    75 | D        | Noticed a dread
    76 | D        | Noticed a meat beast
    76 | D        | Noticed a tyrant
    76 | D        | Killed a meat beast
    79 | D        | Noticed a dread
    79 | D        | Killed a tyrant
    80 | D        | Killed a meat beast
    81 | D        | Killed a tyrant
    82 | D        | Noticed a tyrant
    82 | D        | Killed a dread
    83 | D        | Killed a dread
    84 | D        | Noticed The Captor
    87 | D        | Killed a dread
    89 | D        | Noticed a dread
    92 | D        | Killed The Captor
    95 | D        | Noticed a meat beast
    96 | D        | Noticed a meat beast
    97 | D        | Killed a dread
    97 | D        | Killed a tyrant
    98 | D        | Killed from afar by a wretched soul

Skill      XL: |  1  2  3  4  5  6  7  8  9 10 11 12 13 14 15 16 17 18 19 20 21 22 |
---------------+-------------------------------------------------------------------+-----
Axes           | 20 27 | 27.0
Dodging        | 27 | 27.0
Fighting       | 6 13 22 27 | 27.0
Short Blades   | 5 15 18 22 25 27 | 27.0
Throwing       | 4 14 16 20 24 27 | 27.0
Armour         | 3 11 13 16 19 24 27 | 27.0
Unarmed Combat | 4 12 14 17 20 25 27 | 27.0
Spellcasting   | 5 16 19 23 27 | 27.0
Invocations    | 5 14 16 20 24 27 | 27.0
Stealth        | 27 | 27.0

Action                   |  1- 3 |  4- 6 |  7- 9 | 10-12 | 13-15 | 16-18 | 19-21 | 22-24 | 25-27 || total
-------------------------+-------+-------+-------+-------+-------+-------+-------+-------+-------++-------
Melee: Broad axe         |     1 |       |       |       |     3 |     7 |     8 |     6 |    47 ||    72
Dodge: Dodged            |       |       |       |       |       |       |       |       |     1 ||     1
